 Dungeon Crawl Stone Soup version 0.31-a0-1352-gc98d92de7d (webtiles) character file.

Game seed: 5112161903256658857

669 tilp the Sneak (level 7, -1/78 HPs)
             Began as a Vampire Enchanter on Dec 22, 2023.
             Succumbed to a gnoll's poison
             ... on level 5 of the Dungeon.
             The game lasted 00:05:50 (4059 turns).

tilp the Sneak (Vampire Enchanter)                  Turns: 4059, Time: 00:05:50

Health: -1/78      AC: 23    Str:  7    XL:     7   Next: 32%
Magic:  8/11       EV:  2    Int: 20    God:
Gold:   226        SH:  4    Dex: 14    Spells: 3/11 levels left

rFire   . . .        a - +2 dagger
rCold   . . .        i - +0 buckler
rNeg    . . .        o - melded +0 robe
rPois   +            (helmet currently unavailable)
rElec   .            q - melded scarf {repulsion}
rCorr   .            (gloves currently unavailable)
SInv    +            (boots currently unavailable)
Will    .....        (no amulet)
Stlth   +++          (no ring)
HPRegen 0.53/turn    (no ring)
MPRegen 0.12/turn

%: no passive effects
@: lethally poisoned (-1 -> -8), tree-form, healing quickly, invisible
A: stationary, stasis, torment immunity, boosted hp, alive, (fangs 3), see
invisible, vampiric 2
a: Exsanguinate


You were on level 5 of the Dungeon.
You were a tree.
You visited 2 branches of the dungeon, and saw 6 of its levels.

You collected 226 gold pieces.

Inventory:

Hand Weapons
 a - a +2 dagger (weapon)
 b - a +0 scimitar
 r - a +0 dagger of venom
Missiles
 g - 3 atropa-tipped darts
 k - 11 poisoned darts (quivered)
 p - 2 boomerangs
Armour
 i - a +0 buckler (worn)
 o - a +0 robe (melded)
 q - a scarf of repulsion (melded)
 s - an orb of energy
Jewellery
 f - an amulet of faith
Wands
 t - a wand of flame (28)
Scrolls
 h - 2 scrolls of poison
 n - 3 scrolls of teleportation
Potions
 c - a potion of invisibility
 e - a potion of brilliance
 j - 2 potions of enlightenment
 l - a potion of mutation


   Skills:
 * Level 3.0 Fighting
 * Level 3.9(4.3) Short Blades
 + Level 2.2(3.2) Long Blades
 + Level 3.6 Dodging
 + Level 5.9 Stealth
 + Level 2.9 Spellcasting
 + Level 5.7 Hexes
 - Level 2.0 Ice Magic


You had 3 spell levels left.
You knew the following spells:

 Your Spells              Type           Power      Damage    Failure   Level
a - Ensorcelled Hibernat  Hex/Ice        36%        N/A       8%          2
b - Confusing Touch       Hex            25%        N/A       7%          3
c - Tukima's Dance        Hex            25%        N/A       7%          3

Your spell library contained the following spells:

 Spells                   Type           Power      Damage    Failure   Level
 Dazzling Flash           Conj/Hex       28%        N/A       22%         3
 Passwall                 Alch/Erth      1%         N/A       36%         2
 Scorch                   Fire           4%         2d5       36%         2
 Swiftness                Air            2%         N/A       58%         3
 Flame Wave               Conj/Fire      2%         2d4       94%         4
 Summon Cactus Giant      Summ           1%         N/A       100%        6


Dungeon Overview and Level Annotations

Branches:
Dungeon (5/15)             Temple (1/1) D:4

Altars:
Ashenzari
Cheibriados
Dithmenos
Kikubaaqudgha
Makhleb
Sif Muna
Uskayaw
Vehumet
Wu Jian
Yredelemnul
Jiyva

Annotations:
D:3 3 runed translucent doors, JaaP's ghost, weakling DsGl
D:4 2 transporters, JaaP's ghost, weakling HODe


Innate Abilities, Weirdness & Mutations

You are a tree.
Your roots penetrate the ground, keeping you stationary.
You cannot be teleported.
You are immune to unholy pain and torment.
Your maximum health is greatly increased.
Your equipment is partially melded.
Your natural rate of healing is accelerated.
((You have razor-sharp teeth.))
You have supernaturally acute eyesight. (SInv)
You are afflicted with vampirism and can become a bat while bloodless.


Message History

The black bear resists with significant effort.
The gnoll hits you with a +0 flail. The black bear bites you.
The black bear claws you. x2
Unknown command.
You hit the black bear.
The black bear is moderately wounded.
The gnoll hits you with a +0 flail!
* * * LOW HITPOINT WARNING * * *
A gnoll comes into view. It is wielding a +0 club.
The gnoll closely misses you. The black bear bites you.
* * * LOW HITPOINT WARNING * * *
The black bear closely misses you.
The black bear claws you but does no damage.
The gnoll hits you with a +0 flail.
* * * LOW HITPOINT WARNING * * *
The gnoll barely misses you. The gnoll attacks as it pursues you!
The gnoll hits you with a +0 flail.
* * * LOW HITPOINT WARNING * * *
The gnoll hits you with a +2 whip of venom.
* * * LOW HITPOINT WARNING * * *
You are lethally poisoned!
Unknown command.
You turn into a tree.
Your scarf of repulsion melds into your body.
Your +0 robe melds into your body.
The haze of the repulsion field disappears.
Your roots penetrate the ground.
* * * LOW HITPOINT WARNING * * *
You feel very sick.
The gnoll hits you from afar with a +0 halberd.
* * * LOW HITPOINT WARNING * * *
You block the gnoll's attack. The gnoll hits you but does no damage.
The gnoll barely misses you.
Unknown command.
Unknown command.
Unknown command.
Unknown command.
Unknown command.
You fade into invisibility!
You die...

##.##.....+......#
.....##..##......# ...#
.§§§.....##......#........
..§§....##.......#........
..≈§....#+.......#.......
...§.....##.....##g....#
.....##..##.....##gg...##.
.._..##[.##......gg....!..
.........#......♣ggg......
#........#......gh........
#..♣♣...#.................
...♣♣...#.################
..........# .....######
######


You could see a black bear (unable to see you), a gnoll bouda (unable to see
you) and 8 gnolls.

Vanquished Creatures
  Sigmund (D:2)
  A black bear (D:4)
  2 scorpions
  2 orc priests (D:4)
  A hound (D:5)
  An iguana (D:5)
  3 orc wizards
  4 adders
  A dart slug (D:3)
  10 orcs
  6 bats
  5 endoplasms
  2 giant cockroaches
  7 goblins
  4 hobgoblins
  10 jackals (D:1)
  A quokka (D:1)
  4 ball pythons
  5 frilled lizards
  A kobold (D:1)
  10 rats
81 creatures vanquished.

Notes
Turn   | Place    | Note
-------+----------+-------------------------------------------
     0 | D:1      | tilp the Vampire Enchanter began the quest for the Orb.
     0 | D:1      | Reached XP level 1. HP: 13/13 MP: 3/3
   175 | D:1      | Reached XP level 2. HP: 8/20 MP: 5/5
   185 | D:1      | Learned a level 2 spell: Ensorcelled Hibernation
   558 | D:1      | Reached skill level 1 in Fighting
   813 | D:1      | Gained mutation: You are afflicted with vampirism and can
                  | become a bat while bloodless. [Vampire growth]
   813 | D:1      | Reached XP level 3. HP: 26/26 MP: 6/6
   886 | D:1      | Learned a level 3 spell: Confusing Touch
  1426 | D:2      | Noticed Sigmund
  1433 | D:2      | HP: 1/26 [Sigmund/+0 scythe (9)]
  1434 | D:2      | Killed Sigmund
  1435 | D:2      | Reached skill level 1 in Long Blades
  1435 | D:2      | Reached skill level 5 in Stealth
  1435 | D:2      | Reached skill level 5 in Hexes
  1435 | D:2      | Reached skill level 1 in Ice Magic
  1435 | D:2      | Reached XP level 4. HP: 1/33 MP: 1/7
  1435 | D:2      | Reached XP level 5. HP: 2/38 MP: 1/8
  1876 | D:3      | Found a faded altar of an unknown god.
  1951 | D:3      | Found a faded altar of an unknown god.
  2113 | D:3      | Found a runed translucent gate.
  2214 | D:3      | Found a runed translucent gate.
  2214 | D:3      | Found a runed translucent gate.
  2215 | D:3      | Noticed JaaP's ghost (weakling DsGl)
  2843 | D:3      | Found a radiant altar of Vehumet.
  2853 | D:3      | Learned a level 3 spell: Tukima's Dance
  2947 | D:4      | Noticed a black bear
  2951 | D:4      | Reached XP level 6. HP: 44/44 MP: 6/9
  3011 | D:4      | Found a transporter.
  3011 | D:4      | Noticed JaaP's ghost (weakling HODe)
  3159 | D:4      | Found a staircase to the Ecumenical Temple.
  3172 | Temple   | Entered the Ecumenical Temple
  3465 | D:4      | Found a transporter.
  3621 | D:4      | Reached XP level 7. HP: 33/51 MP: 2/11
  3872 | D:5      | Entered Level 5 of the Dungeon
  4009 | D:5      | Found an ornate altar of the Wu Jian Council.
  4058 | D:5      | HP: 2/78 [poisoned by a gnoll]
  4059 | D:5      | Succumbed to a gnoll's poison

Illustrated notes

Levels and vault maps discovered:
D:1:      amcnicky_arrival_feature_with_door, layout_loops_corners,
          minmay_domino_4
D:2:      layout_basic, uniq_sigmund
D:3:      layout_basic, nicolae_overflow_ecumenical_swirl,
          chequers_ecumenical_altar_simple_redux, gammafunk_ghost_nasty_kobolds
D:4:      layout_loops_cross, minmay_temple_entry_glass,
          gammafunk_ghost_mausoleum
D:5:      layout_gridville, fedhas_altar_2, nicolae_wu_jian_wuxing_cycle,
          hangedman_decor_lopped, glass_columns_c
Temple:   pf_slimified_temple

Skill      XL: |  1  2  3  4  5  6  7 |
---------------+----------------------+-----
Fighting       | 1 2 3 |  3.0
Short Blades   | 2 3 |  3.9
Long Blades    | 1 2 |  2.2
Stealth        | 5 |  5.9
Hexes          | 5 |  5.7
Ice Magic      | 1 2 |  2.0
Dodging        | 3 |  3.6
Spellcasting   | |  2.9

Action                     |  1- 3 |  4- 6 |  7- 9 || total
---------------------------+-------+-------+-------++-------
  Melee: Dagger            |   112 |   142 |     6 ||   260
         Bite              |     9 |    15 |       ||    24
         Punch             |     1 |       |       ||     1
         Scimitar          |       |     6 |       ||     6
   Cast: Ensorcelled Hiber |     8 |    25 |     6 ||    39
         Confusing Touch   |     1 |       |       ||     1
    Use: Scroll            |     5 |     7 |       ||    12
         Potion            |       |     4 |     2 ||     6
   Stab: Sleeping          |    12 |    18 |     4 ||    34
 Armour: Robe              |    70 |    81 |    17 ||   168
         Skin              |       |     6 |     2 ||     8
  Dodge: Dodged            |    64 |    63 |     8 ||   135
         Repelled          |       |     1 |       ||     1
  Block: Buckler           |     4 |    27 |     4 ||    35

Table legend: (Time is in decaauts)
 A = Elapsed time spent in this place.
 B = Non-inter-level travel time spent in this place.
 C = Inter-level travel time spent in this place.
 D = Time resting spent in this place.
 E = Time spent auto-exploring this place.
 F = Levels seen in this place.
 G = Mean time per level.
                   A        B        C        D        E       F      G
               +--------+--------+--------+--------+--------+-----+--------+
         Total |   4024 |   3845 |    179 |    321 |   2760 |   6 |  670.7 |
       Dungeon |   4022 |   3844 |    178 |    321 |   2760 |   5 |  804.4 |
        Temple |      1 |      0 |      1 |      0 |      0 |   1 |    1.0 |
               +--------+--------+--------+--------+--------+-----+--------+

Top non-repeatable levels by time:
     D:3: 1223 daAuts
     D:1: 1127 daAuts
     D:4: 780 daAuts
     D:2: 704 daAuts
     D:5: 186 daAuts
  Temple: 1 daAuts
